 Dungeon Crawl Stone Soup version 0.31.0-11-ge490571c62 (webtiles) character file.

Game seed: 6257626179949665346

157 javelincjr the Changeling (level 5, 0/39 HPs)
             Began as a Demonspawn Shapeshifter on Jan 31, 2024.
             Slain by Pargi (1 damage)
             ... on level 3 of the Dungeon.
             The game lasted 00:06:50 (2206 turns).

javelincjr the Changeling (Demonspawn Shapeshifter) Turns: 2206, Time: 00:06:52

Health: 0/39       AC:  2    Str: 17    XL:     5   Next: 15%
Magic:  5/5        EV: 12    Int: 10    God:
Gold:   72         SH:  0    Dex: 12    Spells: 4/4 levels left

rFire   . . .        p - +2 hand axe (flame)
rCold   . . .        (no shield)
rNeg    . . .        j - +0 animal skin
rPois   .            (helmet currently unavailable)
rElec   .            (cloak currently unavailable)
rCorr   .            (gloves currently unavailable)
SInv    .            (boots currently unavailable)
Will    .....        (no amulet)
Stlth   +            m - ring of flight
HPRegen 0.26/turn    (no ring)
MPRegen 0.09/turn

%: no passive effects
@: beast-form, flying
A: beast (slay +2), antennae 2, powered by death 1
a: Begin Untransformation


You were on level 3 of the Dungeon.
You were a hulking beast.
You visited 1 branch of the dungeon, and saw 3 of its levels.

You collected 98 gold pieces.
You spent 26 gold pieces at shops.

Inventory:

Hand Weapons
 a - a +0 sling
 p - a +2 hand axe of flaming (weapon)
Armour
 f - a +0 pair of gloves
 j - a +0 animal skin (worn)
 k - a +0 pair of boots
 o - a +0 kite shield
Jewellery
 m - a ring of flight (left hand)
Talismans
 c - a beast talisman
 d - a flux talisman
 n - a granite talisman
Wands
 l - a wand of paralysis (7)
Scrolls
 e - 3 scrolls of identify
 g - 4 scrolls of teleportation
Potions
 b - a potion of lignification
 h - 3 potions of curing
 i - a potion of brilliance
 q - a potion of magic {unknown}


   Skills:
 + Level 2.3 Fighting
 + Level 2.6 Dodging
 + Level 0.2 Shields
 + Level 3.3 Unarmed Combat
 * Level 3.7 Shapeshifting


You had 4 spell levels left.
You didn't know any spells.
Your spell library was empty.

Dungeon Overview and Level Annotations

Branches:
Dungeon (3/15)

Altars:

Shops:
D:3 [*?

Annotations:
D:3 Pargi


Innate Abilities, Weirdness & Mutations

You are a hulking beast.
Your limbs bulge with bestial killing power. (Slay +2)
You have a pair of antennae on your head.
You regenerate a little health from kills.


Message History

You sense a monster nearby.
Pargi and an endoplasm come into view.
Pargi shouts!
Pargi looks very sad for a moment.
You closely miss Pargi. Pargi barely misses you. Pargi closely misses you.
Pargi misses you.
You closely miss Pargi. Pargi bites you. Pargi claws you. x2
You closely miss Pargi. Pargi closely misses you. Pargi barely misses you.
Pargi claws you. Pargi completely misses you. Pargi misses you.
Pargi claws you.
You closely miss Pargi.
Pargi barely misses you. x2; Pargi closely misses you.
You slash Pargi! You burn Pargi.
Pargi is moderately wounded.
Pargi closely misses you. Pargi claws you but does no damage. Pargi claws you.
You barely miss Pargi.
Pargi is moderately wounded.
Pargi closely misses you. Pargi claws you. Pargi misses you.
Pargi closely misses you. Pargi misses you. Pargi claws you.
You are too injured to fight recklessly!
You are too injured to fight recklessly!
You hit Pargi. You burn Pargi.
Pargi is heavily wounded.
Pargi barely misses you. Pargi claws you. Pargi misses you.
You closely miss Pargi.
Pargi is heavily wounded.
Pargi bites you.
* * * LOW HITPOINT WARNING * * *
Pargi closely misses you. Pargi claws you.
* * * LOW HITPOINT WARNING * * *
You hit Pargi. You burn Pargi.
Pargi is heavily wounded.
Pargi barely misses you. Pargi closely misses you. Pargi barely misses you.
You hit Pargi. You burn Pargi.
Pargi is severely wounded.
Pargi closely misses you. Pargi completely misses you. Pargi claws you.
* * * LOW HITPOINT WARNING * * *
Pargi bites you.
* * * LOW HITPOINT WARNING * * *
Pargi claws you.
You die...

#.####...#§....##...##
##.............##
#..§§[...........
#§.§.#.......#.##
##P§§.#......##.#
#.§§.8...P.P.##.#
#...###....####.# #.##
#########.## #h#
#....... #T# #.###.##
##.###J######## #...
#.............. ####
#.####.######## #.###
#...# #.######.##
.P........#


You could see Pargi and an endoplasm.

Vanquished Creatures
  A scorpion zombie (D:3)
  Terence (D:3)
  A hound zombie (D:3)
  A hound skeleton (D:3)
  An adder (D:3)
  An adder skeleton (D:3)
  8 orcs
  6 bats
  4 endoplasms
  3 giant cockroaches (D:2)
  5 goblins
  8 hobgoblins
  3 kobolds
  2 quokkas (D:2)
  4 ball pythons
  2 frilled lizards
  A giant cockroach zombie (D:3)
  A jackal skeleton (D:3)
  4 rats
57 creatures vanquished.

Notes
Turn   | Place    | Note
-------+----------+-------------------------------------------
     0 | D:1      | javelincjr the Demonspawn Shapeshifter began the quest for
                  | the Orb.
     0 | D:1      | Reached XP level 1. HP: 15/15 MP: 1/1
   242 | D:1      | Gained mutation: You regenerate a little health from kills.
                  | [demonic ancestry]
   242 | D:1      | Reached XP level 2. HP: 18/21 MP: 2/2
   442 | D:1      | Found a faded altar of an unknown god.
  1019 | D:2      | Reached XP level 3. HP: 26/26 MP: 3/3
  1770 | D:3      | Gained mutation: You have a pair of small antennae on your
                  | head. [demonic ancestry]
  1770 | D:3      | Reached XP level 4. HP: 28/33 MP: 4/4
  1794 | D:3      | Found Jukam's Antique Armour Shoppe.
  1948 | D:3      | Found Egecs's General Store.
  2019 | D:3      | Found Misul's Magic Scroll Boutique.
  2035 | D:3      | Bought a scroll of identify for 26 gold pieces
  2071 | D:3      | Noticed Terence
  2082 | D:3      | Killed Terence
  2083 | D:3      | Gained mutation: You have a pair of antennae on your head.
                  | [demonic ancestry]
  2083 | D:3      | Reached XP level 5. HP: 22/39 MP: 5/5
  2191 | D:3      | Noticed Pargi
  2206 | D:3      | HP: 1/39 [Pargi (5)]
  2206 | D:3      | Slain by Pargi

Illustrated notes

Levels and vault maps discovered:
D:1:      psy_arrival_fountain, layout_loops_corners,
          shapermc_ecumenical_altar_acropolis, minmay_misc_feat_roman,
          eino_curves_04, st_stairs_2
D:2:      minmay_angry_zag, layout_rooms
D:3:      layout_loops_ring, serial_shops, shop, nicolae_shop_hallway_plus,
          shop, nicolae_shop_window_shopping, serial_undead, serial_undead_f,
          serial_undead_e, serial_undead_c, serial_undead_e, uniq_pargi,
          uniq_terence

Skill      XL: |  1  2  3  4 |
---------------+-------------+-----
Dodging        | 2 |  2.6
Shapeshifting  | 3 |  3.7
Unarmed Combat | 3 |  3.3
Fighting       | 2 |  2.3
Shields        | |  0.2

Action                     |  1- 3 |  4- 6 || total
---------------------------+-------+-------++-------
  Melee: Unarmed           |    79 |    57 ||   136
         Punch             |     1 |     3 ||     4
         Hand axe          |       |    21 ||    21
   Fire: Sling             |    15 |     3 ||    18
  Throw: Stone             |     3 |       ||     3
    Use: Scroll            |       |     2 ||     2
         Potion            |       |     1 ||     1
   Stab: Sleeping          |       |     1 ||     1
 Armour: Animal skin       |    62 |    50 ||   112
  Dodge: Dodged            |   113 |    57 ||   170
